TOP OF THE 1ST |
Hillsboro Hops batting - Pitching for Milwaukee (NYP) Brewers : RHP Zack Sharp
|
Pitching: RHP Zack Sharp
|
|
Batting: RHB Nelson Ozuna
|
0-0: Ball 1-0: Foul Ball, location: 2F 1-1: SINGLE (Groundball, 56D, EV 104.4 MPH)
|
Batting: RHB Dwane Reed
|
0-0: Foul Ball, location: 2F 0-1: Ball 1-1: Foul Ball, location: 2F 1-2: SINGLE (Groundball, 56S, EV 75.6 MPH) (infield hit) Nelson Ozuna to second
|
Batting: RHB Danny Loyola
|
0-0: Fly out, F8 (Flyball, 8LXD, EV 103.1 MPH) Runner from 2nd tags up, SAFE at 3rd, no throw by CF
|
Batting: RHB Terry Jarrells
|
0-0: Ball 1-0: Called Strike 1-1: Foul Ball, location: 2F 1-2: Ball 2-2: Strikes out looking Dwane Reed steals 2nd base (no throw) Batter strikes out.
|
Batting: RHB Jonathan Underhill
|
0-0: SINGLE (Groundball, 13S, EV 70.6 MPH) (infield hit) Nelson Ozuna scores Dwane Reed to third
|
Batting: RHB Sean Tanner
|
0-0: Called Strike 0-1: Ground out 1-3 (Groundball, 34S, EV 68.1 MPH)
|
Top of the 1st over - 1 run, 3 hits, 0 errors, 2 left on base; Hillsboro 1 - Milwaukee (NYP) 0 |
BOTTOM OF THE 1ST |
Milwaukee (NYP) Brewers batting - Pitching for Hillsboro Hops : RHP Justin Gasper
|
Pitching: RHP Justin Gasper
|
|
Batting: RHB Dan Allred
|
0-0: Ball 1-0: TRIPLE (Flyball, 8RXD, EV 108.1 MPH)
|
Batting: LHB Karel Hort
|
0-0: Called Strike 0-1: Called Strike 0-2: Foul Ball, location: 2F 0-2: Strikes out looking
|
Batting: SHB Justin Hensley
|
0-0: Foul Ball, location: 2F 0-1: Called Strike 0-2: Strikes out swinging
|
Batting: SHB Jerry Duffy
|
0-0: Ball 1-0: SINGLE (Line Drive, 5D, EV 104.4 MPH) Dan Allred scores
|
Batting: LHB Umar Matoub
|
0-0: Swinging Strike 0-1: Ball 1-1: Ball 2-1: Fly out, F7 (Flyball, 7LM, EV 83.8 MPH)
|
Bottom of the 1st over - 1 run, 2 hits, 0 errors, 1 left on base; Hillsboro 1 - Milwaukee (NYP) 1 |
TOP OF THE 2ND |
Hillsboro Hops batting - Pitching for Milwaukee (NYP) Brewers : RHP Zack Sharp
|
Batting: RHB Jake Shelton
|
0-0: Ground out 5-3 (Groundball, 56S, EV 87.5 MPH)
|
Batting: RHB Chris McGrath
|
0-0: Ball 1-0: Ball 2-0: Swinging Strike 2-1: Ball 3-1: Ground out 1-6-3 (Groundball, 15S, EV 105.6 MPH)
|
Batting: RHB Ryuki Ogasawara
|
0-0: Ball 1-0: Called Strike 1-1: Swinging Strike 1-2: Ball 2-2: Ball 3-2: Strikes out swinging
|
Top of the 2nd over - 0 runs, 0 hits, 0 errors, 0 left on base; Hillsboro 1 - Milwaukee (NYP) 1 |
BOTTOM OF THE 2ND |
Milwaukee (NYP) Brewers batting - Pitching for Hillsboro Hops : RHP Justin Gasper
|
Batting: RHB Dusty Bates
|
0-0: Ball 1-0: Ball 2-0: Ball 3-0: Fly out, F6 (Popup, 6, EV 56.9 MPH)
|
Batting: SHB Craig Wright
|
0-0: Called Strike 0-1: Foul Ball, location: 2F 0-2: Foul Ball, location: 2F 0-2: Foul Ball, location: 2F 0-2: Strikes out looking
|
Batting: RHB Alfredo Sena
|
0-0: Called Strike 0-1: SOLO HOME RUN (Flyball, 89XD, EV 103.1 MPH), Distance : 403 ft
|
Batting: RHB Justin Marino
|
0-0: Foul Ball, location: 2F 0-1: Ground out 4-3 (Groundball, 4, EV 85.6 MPH)
|
Bottom of the 2nd over - 1 run, 1 hit, 0 errors, 0 left on base; Hillsboro 1 - Milwaukee (NYP) 2 |
TOP OF THE 3RD |
Hillsboro Hops batting - Pitching for Milwaukee (NYP) Brewers : RHP Zack Sharp
|
Batting: RHB Nelson Ozuna
|
0-0: Called Strike 0-1: Ball 1-1: Ground out 5-3 (Groundball, 56S, EV 80.0 MPH)
|
Batting: RHB Dwane Reed
|
0-0: Called Strike 0-1: Foul Ball, location: 2F 0-2: Ground out 6-3 (Groundball, 6, EV 83.1 MPH)
|
Batting: RHB Danny Loyola
|
0-0: Ball 1-0: SINGLE (Groundball, 56D, EV 106.2 MPH)
|
Batting: RHB Terry Jarrells
|
0-0: Ball 1-0: Ball 2-0: Called Strike 2-1: Ball 3-1: Foul Ball, location: 2F 3-2: Base on Balls Danny Loyola to second
|
Batting: RHB Jonathan Underhill
|
0-0: Swinging Strike 0-1: Called Strike 0-2: Ball 1-2: Foul Ball, location: 2F 1-2: SINGLE (Groundball, 56, EV 100.6 MPH) Danny Loyola to third Terry Jarrells to second Runner from 3rd tries for Home, throw by LF and OUT! 7-2
|
Top of the 3rd over - 0 runs, 2 hits, 0 errors, 2 left on base; Hillsboro 1 - Milwaukee (NYP) 2 |
BOTTOM OF THE 3RD |
Milwaukee (NYP) Brewers batting - Pitching for Hillsboro Hops : RHP Justin Gasper
|
Batting: RHB Dan Allred
|
0-0: Called Strike 0-1: Ball 1-1: Ball 2-1: Ground out 4-3 (Groundball, 4, EV 81.2 MPH)
|
Batting: LHB Karel Hort
|
0-0: Ball 1-0: Called Strike 1-1: Foul Ball, location: 2F 1-2: Ball 2-2: Foul Ball, location: 2F 2-2: Foul Ball, location: 2F 2-2: Foul Ball, location: 2F 2-2: Ball 3-2: Strikes out swinging
|
Batting: SHB Justin Hensley
|
0-0: Ball 1-0: Ball 2-0: Called Strike 2-1: Called Strike 2-2: Strikes out swinging, 2-3 out at first.
|
Bottom of the 3rd over - 0 runs, 0 hits, 0 errors, 0 left on base; Hillsboro 1 - Milwaukee (NYP) 2 |
TOP OF THE 4TH |
Hillsboro Hops batting - Pitching for Milwaukee (NYP) Brewers : RHP Zack Sharp
|
Batting: RHB Sean Tanner
|
0-0: Foul Ball, location: 2F 0-1: Ground out 4-3 (Groundball, 4M, EV 103.8 MPH)
|
Batting: RHB Jake Shelton
|
0-0: Ball 1-0: Ball 2-0: Called Strike 2-1: Ball 3-1: Base on Balls
|
Batting: RHB Chris McGrath
|
0-0: Ball 1-0: Called Strike 1-1: Called Strike Jake Shelton steals 2nd base 1-2: Strikes out looking
|
Batting: RHB Ryuki Ogasawara
|
0-0: Ball 1-0: Fly out, F6 (Popup, 4S, EV 80.6 MPH)
|
Top of the 4th over - 0 runs, 0 hits, 0 errors, 1 left on base; Hillsboro 1 - Milwaukee (NYP) 2 |
BOTTOM OF THE 4TH |
Milwaukee (NYP) Brewers batting - Pitching for Hillsboro Hops : RHP Justin Gasper
|
Batting: SHB Jerry Duffy
|
0-0: Foul Ball, location: 2F 0-1: Foul Ball, location: 2F 0-2: Strikes out swinging
|
Batting: LHB Umar Matoub
|
0-0: Ball 1-0: Foul Ball, location: 2F 1-1: Called Strike 1-2: Ball 2-2: Strikes out looking
|
Batting: RHB Dusty Bates
|
0-0: Ball 1-0: Foul Ball, location: 2F 1-1: Ball 2-1: Foul Ball, location: 2F 2-2: Ball 3-2: Foul Ball, location: 2F 3-2: Foul Ball, location: 2F 3-2: Reached via error on a dropped throw from 1B, E1 (Groundball, 34S, EV 87.5 MPH)
|
Batting: SHB Craig Wright
|
0-0: Foul Ball, location: 2F 0-1: Called Strike 0-2: Ball 1-2: Ball 2-2: Ground out 4-3 (Groundball, 34, EV 104.4 MPH)
|
Bottom of the 4th over - 0 runs, 0 hits, 1 error, 1 left on base; Hillsboro 1 - Milwaukee (NYP) 2 |
TOP OF THE 5TH |
Hillsboro Hops batting - Pitching for Milwaukee (NYP) Brewers : RHP Zack Sharp
|
Batting: RHB Nelson Ozuna
|
0-0: Called Strike 0-1: Ball 1-1: Called Strike 1-2: Strikes out looking
|
Batting: RHB Dwane Reed
|
0-0: Ground out 6-3 (Groundball, 6, EV 106.2 MPH)
|
Batting: RHB Danny Loyola
|
0-0: Ground out 6-3 (Groundball, 6, EV 84.4 MPH)
|
Top of the 5th over - 0 runs, 0 hits, 0 errors, 0 left on base; Hillsboro 1 - Milwaukee (NYP) 2 |
BOTTOM OF THE 5TH |
Milwaukee (NYP) Brewers batting - Pitching for Hillsboro Hops : RHP Justin Gasper
|
Batting: RHB Alfredo Sena
|
0-0: Foul Ball, location: 2F 0-1: Ball 1-1: Ball 2-1: Ball 3-1: Foul Ball, location: 2F 3-2: Base on Balls
|
Batting: RHB Justin Marino
|
0-0: Grounds into double play, 4-6-3 (Groundball, 4, EV 103.1 MPH)
|
Batting: RHB Dan Allred
|
0-0: DOUBLE (Line Drive, 5D, EV 96.2 MPH)
|
Batting: LHB Karel Hort
|
0-0: Called Strike 0-1: Foul Ball, location: 2F 0-2: Foul Ball, location: 2F 0-2: Foul Ball, location: 2F 0-2: Ball 1-2: Fly out, F7 (Flyball, 7, EV 90.0 MPH)
|
Bottom of the 5th over - 0 runs, 1 hit, 0 errors, 1 left on base; Hillsboro 1 - Milwaukee (NYP) 2 |
TOP OF THE 6TH |
Hillsboro Hops batting - Pitching for Milwaukee (NYP) Brewers : RHP Zack Sharp
|
Batting: RHB Terry Jarrells
|
0-0: Swinging Strike 0-1: Fly out, F7 (Flyball, 78S, EV 95.0 MPH)
|
Batting: RHB Jonathan Underhill
|
0-0: Ball 1-0: Foul Ball, location: 2F 1-1: Ball 2-1: Fly out, F8 (Line Drive, 8LM, EV 93.8 MPH)
|
Batting: RHB Sean Tanner
|
0-0: Ball 1-0: Ball 2-0: Foul Ball, location: 2F 2-1: Fly out, F8 (Line Drive, 89M, EV 89.4 MPH)
|
Top of the 6th over - 0 runs, 0 hits, 0 errors, 0 left on base; Hillsboro 1 - Milwaukee (NYP) 2 |
BOTTOM OF THE 6TH |
Milwaukee (NYP) Brewers batting - Pitching for Hillsboro Hops : RHP Justin Gasper
|
Batting: SHB Justin Hensley
|
0-0: Ball 1-0: Ground out U3 (Groundball, 3, EV 81.9 MPH)
|
Batting: SHB Jerry Duffy
|
0-0: Called Strike 0-1: Foul Ball, location: 2F 0-2: Ball 1-2: Strikes out swinging
|
Batting: LHB Umar Matoub
|
0-0: Foul Ball, location: 2F 0-1: Ball 1-1: Ground out 6-3 (Groundball, 6MD, EV 88.1 MPH)
|
Bottom of the 6th over - 0 runs, 0 hits, 0 errors, 0 left on base; Hillsboro 1 - Milwaukee (NYP) 2 |
TOP OF THE 7TH |
Hillsboro Hops batting - Pitching for Milwaukee (NYP) Brewers : RHP Zack Sharp
|
Pitching: RHP Warren Swan
|
|
Now at 3B: Dustin Hartman
|
|
Now in RF: Craig Wright
|
|
Batting: RHB Jake Shelton
|
0-0: SINGLE (Groundball, 4MD, EV 100.0 MPH)
|
Pinch Hitting: SHB Morgan Batson
|
0-0: Ball Jake Shelton is caught stealing 2nd base 2-6 1-0: Ball 2-0: Ball 3-0: Called Strike 3-1: Fly out, F9 (Flyball, 9S, EV 87.5 MPH)
|
Batting: RHB Ryuki Ogasawara
|
0-0: Called Strike 0-1: Ball 1-1: Ball 2-1: Foul Ball, location: 2F 2-2: Ball 3-2: Strikes out looking
|
Top of the 7th over - 0 runs, 1 hit, 0 errors, 0 left on base; Hillsboro 1 - Milwaukee (NYP) 2 |
BOTTOM OF THE 7TH |
Milwaukee (NYP) Brewers batting - Pitching for Hillsboro Hops : RHP Justin Gasper
|
Now in LF: Brandon Joshua
|
|
Batting: RHB Dusty Bates
|
0-0: Ball 1-0: Foul Ball, location: 2F 1-1: Foul Ball, location: 2F 1-2: Strikes out swinging
|
Pitching: LHP Chris Bonfanti
|
|
Batting: SHB Craig Wright
|
0-0: Called Strike 0-1: Ball 1-1: Foul Ball, location: 2F 1-2: Strikes out swinging
|
Batting: RHB Alfredo Sena
|
0-0: Fly out, F9 (Flyball, 9D, EV 105.0 MPH)
|
Bottom of the 7th over - 0 runs, 0 hits, 0 errors, 0 left on base; Hillsboro 1 - Milwaukee (NYP) 2 |
TOP OF THE 8TH |
Hillsboro Hops batting - Pitching for Milwaukee (NYP) Brewers : RHP Warren Swan
|
Batting: RHB Nelson Ozuna
|
0-0: Called Strike 0-1: Called Strike 0-2: Strikes out swinging
|
Batting: RHB Dwane Reed
|
0-0: Ball 1-0: Ball 2-0: Foul Ball, location: 2F 2-1: Called Strike 2-2: Foul Ball, location: 2F 2-2: Foul Ball, location: 2F 2-2: Strikes out swinging
|
Batting: RHB Danny Loyola
|
0-0: Ball 1-0: Called Strike 1-1: Foul Ball, location: 2F 1-2: Strikes out swinging
|
Top of the 8th over - 0 runs, 0 hits, 0 errors, 0 left on base; Hillsboro 1 - Milwaukee (NYP) 2 |
BOTTOM OF THE 8TH |
Milwaukee (NYP) Brewers batting - Pitching for Hillsboro Hops : LHP Chris Bonfanti
|
Batting: RHB Justin Marino
|
0-0: SINGLE (Groundball, 56D, EV 102.5 MPH)
|
Batting: RHB Dan Allred
|
Balk! Justin Marino to second 0-0: Foul Ball, location: 2F Balk! Justin Marino to third 0-1: SINGLE (Groundball, 56D, EV 110.6 MPH) Justin Marino scores
|
Batting: RHB Dustin Hartman
|
0-0: Called Strike 0-1: SINGLE (Groundball, 6D, EV 96.9 MPH) Dan Allred to second Dan Allred to third
|
Batting: SHB Justin Hensley
|
0-0: Called Strike 0-1: Called Strike 0-2: Ball 1-2: Ball 2-2: Strikes out swinging
|
Batting: SHB Jerry Duffy
|
0-0: Foul Ball, location: 2F 0-1: Ball 1-1: Foul Ball, location: 2F 1-2: Ball 2-2: Ground out 5-3 (Groundball, 5S, EV 65.6 MPH) Dustin Hartman to second
|
Batting: LHB Umar Matoub
|
0-0: Ball 1-0: Swinging Strike 1-1: Ball 2-1: Ball 3-1: Base on Balls
|
Pitching: RHP Andrew Yoder
|
|
Batting: RHB Dusty Bates
|
0-0: Foul Ball, location: 2F 0-1: Foul Ball, location: 2F 0-2: Foul Ball, location: 2F 0-2: Ball 1-2: Strikes out swinging
|
Bottom of the 8th over - 1 run, 3 hits, 0 errors, 3 left on base; Hillsboro 1 - Milwaukee (NYP) 3 |
TOP OF THE 9TH |
Hillsboro Hops batting - Pitching for Milwaukee (NYP) Brewers : RHP Warren Swan
|
Pitching: LHP Matt Wojtkiewicz
|
|
Batting: RHB Terry Jarrells
|
0-0: Called Strike 0-1: Swinging Strike 0-2: Strikes out swinging
|
Batting: RHB Jonathan Underhill
|
0-0: Ball 1-0: Swinging Strike 1-1: Swinging Strike 1-2: Strikes out swinging
|
Batting: RHB Sean Tanner
|
0-0: Swinging Strike 0-1: Foul Ball, location: 2F 0-2: Ball 1-2: Ball 2-2: SINGLE (Line Drive, 4D, EV 96.2 MPH)
|
Pinch Runner at 1st Roberto Monzon:
|
|
Batting: RHB Jake Shelton
|
0-0: Ball Wild Pitch! Roberto Monzon to second 1-0: Ball 2-0: Ball 3-0: Base on Balls
|
Pinch Hitting: RHB Longfellow Wetzler
|
0-0: Called Strike 0-1: Called Strike 0-2: Ball 1-2: TRIPLE (Line Drive, 78XD, EV 98.8 MPH) Roberto Monzon scores Jake Shelton scores
|
Batting: RHB Ryuki Ogasawara
|
0-0: Ball 1-0: Foul Ball, location: 2F 1-1: Called Strike 1-2: SINGLE (Groundball, 13S, EV 63.8 MPH) (infield hit) Longfellow Wetzler scores
|
Batting: RHB Nelson Ozuna
|
0-0: Ball 1-0: Called Strike Ryuki Ogasawara steals 2nd base (no throw) 1-1: Ball 2-1: Ball 3-1: Called Strike 3-2: Strikes out swinging
|
Top of the 9th over - 3 runs, 3 hits, 0 errors, 1 left on base; Hillsboro 4 - Milwaukee (NYP) 3 |
BOTTOM OF THE 9TH |
Milwaukee (NYP) Brewers batting - Pitching for Hillsboro Hops : RHP Andrew Yoder
|
Pitching: LHP Jose Estrada
|
|
Now at C: Joe Myers
|
|
Now at 1B: Orlando Florez
|
|
Now in LF: Nelson Ozuna
|
|
Now in CF: Longfellow Wetzler
|
|
Batting: SHB Craig Wright
|
0-0: Foul Ball, location: 2F 0-1: Swinging Strike 0-2: Strikes out swinging
|
Batting: RHB Alfredo Sena
|
0-0: DOUBLE (Flyball, 8RXD, EV 103.8 MPH)
|
Batting: RHB Justin Marino
|
0-0: Ball 1-0: Called Strike 1-1: Swinging Strike 1-2: Ball 2-2: Strikes out swinging
|
Batting: RHB Dan Allred
|
0-0: Ball 1-0: SINGLE (Groundball, 6MD, EV 96.9 MPH) Alfredo Sena to third Runner from 3rd tries for Home, SAFE, throw by CF to home
|
Batting: RHB Dustin Hartman
|
0-0: Foul Ball, location: 2F 0-1: Foul Ball, location: 2F 0-2: Strikes out swinging
|
Bottom of the 9th over - 1 run, 2 hits, 0 errors, 1 left on base; Hillsboro 4 - Milwaukee (NYP) 4 |
TOP OF THE 10TH |
Hillsboro Hops batting - Pitching for Milwaukee (NYP) Brewers : LHP Matt Wojtkiewicz
|
Pitching: RHP Josh Hebert
|
|
Pinch Hitting: LHB Josh Thomas
|
0-0: Ball 1-0: Swinging Strike 1-1: Ground out 6-3 (Groundball, 4MD, EV 106.2 MPH)
|
Batting: RHB Danny Loyola
|
0-0: DOUBLE (Line Drive, 3D, EV 94.4 MPH)
|
Pinch Hitting: SHB Pete Perla
|
0-0: Intentional Walk
|
Batting: RHB Jonathan Underhill
|
0-0: Ball 1-0: Foul Ball, location: 2F 1-1: Swinging Strike 1-2: Strikes out swinging
|
Pinch Hitting: SHB Ethan Newby
|
0-0: Foul Ball, location: 2F 0-1: Called Strike 0-2: Ball 1-2: Ball 2-2: Ball 3-2: Strikes out swinging
|
Top of the 10th over - 0 runs, 1 hit, 0 errors, 2 left on base; Hillsboro 4 - Milwaukee (NYP) 4 |
BOTTOM OF THE 10TH |
Milwaukee (NYP) Brewers batting - Pitching for Hillsboro Hops : LHP Jose Estrada
|
Now at C: Josh Thomas
|
|
Now at 1B: Mike Swift
|
|
Now at 3B: Pete Perla
|
|
Batting: SHB Justin Hensley
|
0-0: Called Strike 0-1: Foul Ball, location: 2F 0-2: Ball 1-2: Foul Ball, location: 2F 1-2: Ball 2-2: Ball 3-2: Foul Ball, location: 2F 3-2: Base on Balls
|
Batting: SHB Jerry Duffy
|
0-0: Ball Justin Hensley is caught stealing 2nd base 2-4 1-0: Swinging Strike 1-1: Swinging Strike 1-2: Strikes out swinging
|
Pinch Hitting: RHB Brennan Cameron
|
0-0: Ball 1-0: Ball 2-0: Called Strike 2-1: Swinging Strike 2-2: Fly out, F9 (Line Drive, 9S, EV 90.6 MPH)
|
Bottom of the 10th over - 0 runs, 0 hits, 0 errors, 0 left on base; Hillsboro 4 - Milwaukee (NYP) 4 |
TOP OF THE 11TH |
Hillsboro Hops batting - Pitching for Milwaukee (NYP) Brewers : RHP Josh Hebert
|
Now at 1B: Sal Burgos
|
|
Batting: RHB Jake Shelton
|
0-0: Ground out 6-3 (Groundball, 6, EV 85.0 MPH)
|
Batting: RHB Longfellow Wetzler
|
0-0: Called Strike 0-1: SINGLE (Groundball, 34D, EV 98.8 MPH)
|
Pinch Hitting: LHB Henry Hutson
|
0-0: Ball 1-0: Ball 2-0: Foul Ball, location: 2F 2-1: Foul Ball, location: 2F 2-2: Ball 3-2: Strikes out looking
|
Batting: RHB Nelson Ozuna
|
0-0: Called Strike 0-1: Called Strike 0-2: Ball 1-2: Strikes out looking
|
Top of the 11th over - 0 runs, 1 hit, 0 errors, 1 left on base; Hillsboro 4 - Milwaukee (NYP) 4 |
BOTTOM OF THE 11TH |
Milwaukee (NYP) Brewers batting - Pitching for Hillsboro Hops : LHP Jose Estrada
|
Pitching: RHP Nick Garland
|
|
Now at 2B: Pete Perla
|
|
Now at 3B: Henry Hutson
|
|
Now at SS: Jonathan Underhill
|
|
Batting: RHB Dusty Bates
|
0-0: Ball 1-0: Called Strike 1-1: Ball 2-1: Ball 3-1: Ground out U3 (Groundball, 34S, EV 86.2 MPH)
|
Batting: SHB Craig Wright
|
0-0: SINGLE (Groundball, 34D, EV 100.0 MPH)
|
Batting: RHB Alfredo Sena
|
0-0: Ball 1-0: Ball 2-0: Called Strike 2-1: Foul Ball, location: 2F 2-2: Ball Wild Pitch! Craig Wright to second 3-2: Intentional Walk
|
Batting: RHB Justin Marino
|
0-0: Ball 1-0: Called Strike 1-1: Ball 2-1: Called Strike 2-2: Strikes out swinging
|
Batting: RHB Dan Allred
|
0-0: Called Strike 0-1: Called Strike 0-2: Foul Ball, location: 2F 0-2: Fielders Choice at 2nd, 5-4 (Groundball, 56, EV 83.1 MPH)
|
Bottom of the 11th over - 0 runs, 1 hit, 0 errors, 2 left on base; Hillsboro 4 - Milwaukee (NYP) 4 |
TOP OF THE 12TH |
Hillsboro Hops batting - Pitching for Milwaukee (NYP) Brewers : RHP Josh Hebert
|
Batting: LHB Josh Thomas
|
0-0: Foul Ball, location: 2F 0-1: Ball 1-1: Swinging Strike 1-2: Strikes out looking
|
Batting: RHB Danny Loyola
|
0-0: Called Strike 0-1: Fly out, F7 (Flyball, 7S, EV 91.9 MPH)
|
Batting: SHB Pete Perla
|
0-0: Ball 1-0: Ball 2-0: Called Strike 2-1: Foul Ball, location: 2F 2-2: Ground out 5-3 (Groundball, 56, EV 97.5 MPH)
|
Top of the 12th over - 0 runs, 0 hits, 0 errors, 0 left on base; Hillsboro 4 - Milwaukee (NYP) 4 |
BOTTOM OF THE 12TH |
Milwaukee (NYP) Brewers batting - Pitching for Hillsboro Hops : RHP Nick Garland
|
Batting: RHB Dustin Hartman
|
0-0: Ball 1-0: Foul Ball, location: 2F 1-1: Ball 2-1: Ball 3-1: Base on Balls
|
Batting: SHB Justin Hensley
|
0-0: Ball 1-0: Ball 2-0: Swinging Strike 2-1: Foul Ball, location: 2F 2-2: Foul Ball, location: 2F 2-2: Foul Ball, location: 2F 2-2: Fly out, F6 (Line Drive, 6, EV 74.4 MPH)
|
Pitching: RHP Joe Rivin
|
|
Batting: SHB Jerry Duffy
|
0-0: Ball 1-0: Called Strike 1-1: Foul Ball, location: 2F 1-2: Ball 2-2: Foul Ball, location: 2F 2-2: Foul Ball, location: 2F 2-2: Ball 3-2: Strikes out swinging
|
Batting: LHB Sal Burgos
|
0-0: Called Strike 0-1: Fielders Choice at 2nd, U4 (Groundball, 4M, EV 82.5 MPH)
|
Bottom of the 12th over - 0 runs, 0 hits, 0 errors, 1 left on base; Hillsboro 4 - Milwaukee (NYP) 4 |
TOP OF THE 13TH |
Hillsboro Hops batting - Pitching for Milwaukee (NYP) Brewers : RHP Josh Hebert
|
Batting: RHB Jonathan Underhill
|
0-0: SINGLE (Groundball, 6MD, EV 105.6 MPH)
|
Batting: RHB Mike Swift
|
0-0: Ball 1-0: Ball 2-0: Called Strike 2-1: Foul Ball, location: 2F 2-2: Foul Ball, location: 2F 2-2: Strikes out swinging
|
Pitching: RHP Marquis Williams
|
|
Batting: RHB Jake Shelton
|
0-0: Called Strike Jonathan Underhill steals 2nd, throwing error, E2 Jonathan Underhill to third 0-1: Bunted foul 0-2: Strikes out swinging
|
Batting: RHB Longfellow Wetzler
|
0-0: Called Strike 0-1: Swinging Strike 0-2: Strikes out looking
|
Top of the 13th over - 0 runs, 1 hit, 1 error, 1 left on base; Hillsboro 4 - Milwaukee (NYP) 4 |
BOTTOM OF THE 13TH |
Milwaukee (NYP) Brewers batting - Pitching for Hillsboro Hops : RHP Joe Rivin
|
Batting: RHB Dusty Bates
|
0-0: SINGLE (Groundball, 3D, EV 97.5 MPH)
|
Batting: SHB Craig Wright
|
0-0: Bunted foul 0-1: Bunt missed! 0-2: Ball 1-2: Ball 2-2: Foul Ball, location: 2F 2-2: Ball 3-2: Foul Ball, location: 2F 3-2: Strikes out swinging
|
Batting: RHB Alfredo Sena
|
0-0: Swinging Strike 0-1: Foul Ball, location: 2F 0-2: Strikes out swinging
|
Batting: RHB Justin Marino
|
0-0: Foul Ball, location: 2F 0-1: Ball 1-1: Hit by Pitch Dusty Bates to second
|
Pinch Hitting: LHB John Fortin
|
0-0: Foul Ball, location: 2F 0-1: Called Strike 0-2: Fly out, F8 (Flyball, 78D, EV 96.2 MPH)
|
Bottom of the 13th over - 0 runs, 1 hit, 0 errors, 2 left on base; Hillsboro 4 - Milwaukee (NYP) 4 |
TOP OF THE 14TH |
Hillsboro Hops batting - Pitching for Milwaukee (NYP) Brewers : RHP Marquis Williams
|
Now at 2B: C.J. Olivares
|
|
Batting: LHB Henry Hutson
|
0-0: Called Strike 0-1: Foul Ball, location: 2F 0-2: Ball 1-2: Foul Ball, location: 2F 1-2: Ball 2-2: Ball 3-2: Strikes out swinging
|
Batting: RHB Nelson Ozuna
|
0-0: Ball 1-0: Foul Ball, location: 2F 1-1: Ball 2-1: Ground out 5-3 (Groundball, 56, EV 105.0 MPH)
|
Batting: LHB Josh Thomas
|
0-0: Called Strike 0-1: Ball 1-1: Swinging Strike 1-2: Ball 2-2: Foul Ball, location: 2F 2-2: Ball 3-2: Foul Ball, location: 2F 3-2: Base on Balls
|
Batting: RHB Danny Loyola
|
0-0: Ball 1-0: SINGLE (Line Drive, 4MD, EV 95.0 MPH) Josh Thomas to second
|
Pinch Runner at 2nd Jim Begger:
|
|
Batting: SHB Pete Perla
|
0-0: Swinging Strike 0-1: Ball 1-1: Called Strike 1-2: Ball 2-2: Foul Ball, location: 2F 2-2: Foul Ball, location: 2F 2-2: Strikes out swinging
|
Top of the 14th over - 0 runs, 1 hit, 0 errors, 2 left on base; Hillsboro 4 - Milwaukee (NYP) 4 |
BOTTOM OF THE 14TH |
Milwaukee (NYP) Brewers batting - Pitching for Hillsboro Hops : RHP Joe Rivin
|
Now at C: Trevor Corey
|
|
Batting: RHB Dustin Hartman
|
0-0: Swinging Strike 0-1: Ball 1-1: SINGLE (Groundball, 6MD, EV 94.4 MPH)
|
Pitching: RHP Ted Splawn
|
|
Batting: SHB Justin Hensley
|
0-0: Ball 1-0: Fly out, F7 (Flyball, 78S, EV 94.4 MPH)
|
Batting: SHB Jerry Duffy
|
0-0: Called Strike Balk! Dustin Hartman to second 0-1: Swinging Strike 0-2: SINGLE (Line Drive, 8RS, EV 89.4 MPH) Dustin Hartman to third
|
Batting: LHB Sal Burgos
|
0-0: Ball 1-0: Ball 2-0: Called Strike 2-1: Ball 3-1: Base on Balls Jerry Duffy to second
|
Batting: RHB Dusty Bates
|
0-0: Called Strike 0-1: Foul Ball, location: 2F 0-2: Strikes out looking
|
Batting: SHB Craig Wright
|
0-0: Called Strike 0-1: Ball 1-1: Ball 2-1: Swinging Strike 2-2: Ball 3-2: Strikes out swinging
|
Bottom of the 14th over - 0 runs, 2 hits, 0 errors, 3 left on base; Hillsboro 4 - Milwaukee (NYP) 4 |
TOP OF THE 15TH |
Hillsboro Hops batting - Pitching for Milwaukee (NYP) Brewers : RHP Marquis Williams
|
Batting: RHB Jonathan Underhill
|
0-0: Swinging Strike 0-1: Swinging Strike 0-2: Ball 1-2: Ball 2-2: Strikes out looking
|
Batting: RHB Mike Swift
|
0-0: Foul Ball, location: 2F 0-1: Ball 1-1: Ball 2-1: Ball 3-1: Foul Ball, location: 2F 3-2: Foul Ball, location: 2F 3-2: Strikes out swinging
|
Pitching: LHP Bryan Gagnon
|
|
Batting: RHB Jake Shelton
|
0-0: Ball 1-0: Fly out, F9 (Line Drive, 89S, EV 95.0 MPH)
|
Top of the 15th over - 0 runs, 0 hits, 0 errors, 0 left on base; Hillsboro 4 - Milwaukee (NYP) 4 |
BOTTOM OF THE 15TH |
Milwaukee (NYP) Brewers batting - Pitching for Hillsboro Hops : RHP Ted Splawn
|
Batting: RHB Alfredo Sena
|
0-0: Called Strike 0-1: Ball 1-1: Called Strike 1-2: Foul Ball, location: 2F 1-2: Strikes out looking
|
Batting: RHB Justin Marino
|
0-0: Ground out 3-1 (Groundball, 34, EV 85.0 MPH)
|
Batting: SHB C.J. Olivares
|
0-0: SINGLE (Groundball, 34D, EV 103.8 MPH)
|
Batting: RHB Dustin Hartman
|
0-0: Called Strike 0-1: Ball 1-1: Fly out, F9 (Line Drive, 9, EV 104.4 MPH)
|
Bottom of the 15th over - 0 runs, 1 hit, 0 errors, 1 left on base; Hillsboro 4 - Milwaukee (NYP) 4 |
TOP OF THE 16TH |
Hillsboro Hops batting - Pitching for Milwaukee (NYP) Brewers : LHP Bryan Gagnon
|
Batting: RHB Longfellow Wetzler
|
0-0: Ball 1-0: Ground out 6-3 (Groundball, 6, EV 87.5 MPH)
|
Pinch Hitting: RHB Matt Black
|
0-0: Called Strike 0-1: Foul Ball, location: 2F 0-2: Ball 1-2: Strikes out swinging
|
Batting: RHB Nelson Ozuna
|
0-0: Ball 1-0: Swinging Strike 1-1: Ball 2-1: SINGLE (Line Drive, 8LS, EV 92.5 MPH)
|
Batting: RHB Trevor Corey
|
0-0: Called Strike 0-1: Fly out, F3 (Line Drive, 3, EV 73.8 MPH)
|
Top of the 16th over - 0 runs, 1 hit, 0 errors, 1 left on base; Hillsboro 4 - Milwaukee (NYP) 4 |
BOTTOM OF THE 16TH |
Milwaukee (NYP) Brewers batting - Pitching for Hillsboro Hops : RHP Ted Splawn
|
Now at 3B: Elijah Black
|
|
Batting: SHB Justin Hensley
|
0-0: Foul Ball, location: 2F 0-1: Swinging Strike 0-2: Strikes out swinging
|
Batting: SHB Jerry Duffy
|
0-0: Fly out, F8 (Flyball, 8RM, EV 91.9 MPH)
|
Batting: LHB Sal Burgos
|
0-0: Called Strike 0-1: Ball 1-1: Foul Ball, location: 2F 1-2: Ball 2-2: Foul Ball, location: 2F 2-2: Foul Ball, location: 2F 2-2: Ball 3-2: Base on Balls
|
Batting: RHB Dusty Bates
|
0-0: Swinging Strike 0-1: Ball 1-1: Called Strike 1-2: Strikes out swinging
|
Bottom of the 16th over - 0 runs, 0 hits, 0 errors, 1 left on base; Hillsboro 4 - Milwaukee (NYP) 4 |
TOP OF THE 17TH |
Hillsboro Hops batting - Pitching for Milwaukee (NYP) Brewers : LHP Bryan Gagnon
|
Batting: RHB Danny Loyola
|
0-0: Ball 1-0: Called Strike 1-1: Called Strike 1-2: Hit by Pitch
|
Batting: SHB Pete Perla
|
0-0: Swinging Strike 0-1: Ball 1-1: Foul Ball, location: 2F 1-2: Ball 2-2: SINGLE (Line Drive, 89M, EV 98.1 MPH) Danny Loyola to second Runner from 2nd tries for 3rd, SAFE, throw by CF made to third
|
Batting: RHB Jonathan Underhill
|
0-0: Foul Ball, location: 2F 0-1: Ball 1-1: Ball 2-1: Ball 3-1: Fly out, F9 (Flyball, 9, EV 87.5 MPH) Runner from 3rd tags up, OUT at HOME! 9-2 Pete Perla to second
|
Batting: RHB Mike Swift
|
0-0: Called Strike 0-1: Ball 1-1: Ball 2-1: Foul Ball, location: 2F 2-2: Ball 3-2: Foul Ball, location: 2F 3-2: Base on Balls
|
Batting: RHB Jake Shelton
|
0-0: Called Strike 0-1: Ground out U3 (Groundball, 3S, EV 91.9 MPH)
|
Top of the 17th over - 0 runs, 1 hit, 0 errors, 2 left on base; Hillsboro 4 - Milwaukee (NYP) 4 |
BOTTOM OF THE 17TH |
Milwaukee (NYP) Brewers batting - Pitching for Hillsboro Hops : RHP Ted Splawn
|
Pitching: RHP Addick Huiberts
|
|
Batting: SHB Craig Wright
|
0-0: Called Strike 0-1: Swinging Strike 0-2: Foul Ball, location: 2F 0-2: Ball 1-2: Ball 2-2: Ball 3-2: DOUBLE (Line Drive, 7LS, EV 106.9 MPH)
|
Batting: RHB Alfredo Sena
|
0-0: Intentional Walk
|
Batting: RHB Justin Marino
|
0-0: Ball 1-0: Bunted foul 1-1: Bunted foul 1-2: SINGLE (Groundball, 56, EV 95.0 MPH) Craig Wright to third Alfredo Sena to second Runner from 3rd tries for Home, SAFE, throw by LF to home
|
Bottom of the 17th over - 1 run, 2 hits, 0 errors, 2 left on base; Hillsboro 4 - Milwaukee (NYP) 5 |
|